 Dungeon Crawl Stone Soup version 0.28.0-53-g5a82cb258f (webtiles) character file.

Game seed: 17913045860232901090

50 concernfroge the Conjurer (level 3, -3/19 HPs)
             Began as a Deep Elf Conjurer on June 18, 2022.
             Slain by Natasha (7 damage)
             ... on level 2 of the Dungeon.
             The game lasted 00:02:30 (1094 turns).

concernfroge the Conjurer (Deep Elf Conjurer)       Turns: 1094, Time: 00:02:31

Health: -3/19      AC:  2    Str:  4    XL:     3   Next: 55%
Magic:  10/10      EV: 12    Int: 24    God:
Gold:   31         SH:  0    Dex: 13    Spells: 7/10 levels left

rFire   . . .      SeeInvis .   (no weapon)
rCold   . . .      Faith    .   (no shield)
rNeg    . . .      Spirit   .   a - +0 robe
rPois   .          Reflect  .   (no helmet)
rElec   .          Harm     .   (no cloak)
rCorr   .          Rampage  .   (no gloves)
Will    .....                   (no boots)
Stlth   +.........              (no amulet)
HPRegen 0.06/turn               (no ring)
MPRegen 0.12/turn               (no ring)

@: silenced, flying
A: no striking features
a: no special abilities


You were on level 2 of the Dungeon.
You visited 1 branch of the dungeon, and saw 2 of its levels.

You collected 31 gold pieces.

Inventory:

Armour
 a - a +0 robe (worn)
Scrolls
 b - a scroll of silence
 c - a scroll of identify {unknown}
 i - a scroll of teleportation {unknown}
Potions
 f - a potion of mutation {unknown}
 g - a potion of heal wounds {unknown}
 h - a potion of resistance {unknown}
 j - a potion of degeneration {unknown}


   Skills:
 - Level 2.4 Dodging
 - Level 2.4 Stealth
 + Level 4.4 Spellcasting
 + Level 5.2 Conjurations


You had 7 spell levels left.
You knew the following spells:

 Your Spells              Type           Power      Damage    Failure   Level
a - Magic Dart            Conj           100%       1d8       1%          1
b - Searing Ray           Conj           60%        2d6       1%          2

Your spell library contained the following spells:

 Spells                   Type           Power      Damage    Failure   Level
 Dazzling Flash           Conj/Hex       34%        N/A       10%         3
 Fulminant Prism          Conj/Hex       8%         3d7       32%         4
 Iskenderun's Mystic Bla  Conj/Tloc      17%        2d5       32%         4


Dungeon Overview and Level Annotations

Branches:
Dungeon (2/15)

Altars:

Annotations:
D:2 Natasha


Message History

You have reached level 3!
Your experience leads to an increase in your attributes!
Increase (S)trength, (I)ntelligence, or (D)exterity?
You feel clever. x2
Natasha, Servant of Life and Death comes into view.
Casting: Searing Ray (safe; 1% risk of failure)
Confirm with . or Enter, or press ? or * to list all spells.
Aiming: Magic Dart (safe; 1% risk of failure)
Press: ? - help, Shift-Dir - straight line, f - Natasha
Aim: Natasha (wandering, hasn't noticed you, 100% to hit)
The magic dart hits Natasha.
Natasha is lightly wounded.
Natasha hisses angrily.
Casting: Magic Dart (safe; 1% risk of failure)
Confirm with . or Enter, or press ? or * to list all spells.
Aiming: Magic Dart (safe; 1% risk of failure)
Press: ? - help, Shift-Dir - straight line, f/p - Natasha
Aim: Natasha (lightly wounded, 100% to hit)
The magic dart hits Natasha.
Natasha is lightly wounded.
Natasha stares at you and mumbles some strange words.
The magic dart hits you.
Casting: Magic Dart (safe; 1% risk of failure)
Confirm with . or Enter, or press ? or * to list all spells.
Aiming: Searing Ray (safe; 1% risk of failure)
Press: ? - help, Shift-Dir - straight line, f/p - Natasha
Aim: Natasha (lightly wounded, 74% to hit)
The searing ray misses Natasha. (Press . to maintain the ray.)
The searing ray hits Natasha.
Natasha is moderately wounded.
The searing ray misses Natasha.
As you read the scroll labelled TEMON YLITOODD, it crumbles to dust.
A profound silence engulfs you.
It was a scroll of silence.
Natasha claws you.
* * * LOW HITPOINT WARNING * * *
It was a potion of flight.
You feel very buoyant.
You fly up into the air.
Natasha closely misses you.
It was a potion of magic.
Magic courses through your body. Natasha claws you!
You die...

#...........#
#.#########.# #)#
#.# #.# #######.#
#.# #....##.# #.#
#.##.##.###### #.#
#............# #.#
#.......####.# #.#
#..........h@#
#.###....>..##...#
#.................
#####.......##.....
#.......###.....
#.....[.# #......
##.#.##.# #.......
#.#.##.###.....###
#.............


You could see Natasha.

Vanquished Creatures
  Natasha (D:2)
  A worm (D:2)
  A ball python (D:2)
  3 endoplasms (D:1)
  2 giant cockroaches
  4 goblins (D:1)
  2 hobgoblins (D:1)
  A quokka (D:1)
  2 frilled lizards (D:1)
  A kobold (D:2)
  3 rats
  A spectral goblin (D:1)
22 creatures vanquished.

Notes
Turn   | Place    | Note
-------+----------+-------------------------------------------
     0 | D:1      | concernfroge the Deep Elf Conjurer began the quest for the
                  | Orb.
     0 | D:1      | Reached XP level 1. HP: 10/10 MP: 6/6
   127 | D:1      | Found a faded altar of an unknown god.
   233 | D:1      | Reached XP level 2. HP: 15/15 MP: 2/8
   236 | D:1      | Learned a level 2 spell: Searing Ray
   991 | D:2      | Noticed Natasha
   996 | D:2      | Killed Natasha
   997 | D:2      | Reached skill level 5 in Conjurations
   997 | D:2      | Reached XP level 3. HP: 10/19 MP: 3/10
  1086 | D:2      | Noticed Natasha
  1094 | D:2      | Slain by Natasha

Illustrated notes

Levels and vault maps discovered:
D:1:      elethiomel_arrival_shortcut, layout_basic,
          dreamdust_ecumenical_altar_drowned_temple
D:2:      layout_loops_ring, uniq_jessica, uniq_natasha

Skill      XL: |  1  2 |
---------------+-------+-----
Spellcasting   | 4 |  4.4
Conjurations   | 5 |  5.2
Dodging        | |  2.4
Stealth        | |  2.4

Action                   || total
-------------------------++-------
 Cast: Magic Dart        ||    40
       Searing Ray       ||     2
  Use: Potion            ||     2
       Scroll            ||     1
Dodge: Dodged            ||     1
